Construct Section Command Post
Construct Platoon Command Post
Selects Indian Artillery Battlegroup
Unlock Bishop Self-propelled Artillery
Bishop Self-propelled Artillery
Construct Field Infirmary
Selects Gurkha Rifles Section
Bishop Self-propelled Artillery
Construct Field Infirmary
Construct Company Command Post
Selects Volunteer Infantry
Unlock M3 Grant Medium Tanks
Selects Artillery Saturation
Selects Off-map Airburst Barrage
Selects BL5.5 Artillery Emplacement